AoeStats
← fapastengames

Black Forest

510319819Analyzed
4v4 RM · 3d ago on Sep 30, 2026· 60m 46s· 8 players
Game mode
Random Map
Map size
Large (8 player)
Population
200
Speed
Normal
Resources
Standard
Victory
Conquest
Starting age
Dark Age
Ending age
Imperial Age
RankedLock teamsTeams togetherTeam positionsShared explorationLock speedFull tech treeHidden civsTurbo modeCheats
Victory
Defeat
🇩🇪 Persians · Germany
818
+14
🇮🇹 Celts · Italy
796
+15
🇷🇴 Portuguese · Romania
754
+17
673
+21
🇨🇱 Byzantines · Chile
836
-19
🇲🇽 Malay · Mexico
807
-18
🇹🇼 Varangians · Taiwan
774
-17
🇹🇼 Ethiopians · Taiwan
695
-13
Laserotron
0:34 Loom
13:02 Feudal Age
14:25 Wheelbarrow
13:32 Horse Collar
13:41 Double-Bit Axe
22:57 Castle Age
21:41 Gold Mining
22:30 Stone Mining
23:55 Heavy Plow
27:12 Hand Cart
28:38 Stone Shaft Mining
28:23 Bow Saw
34:33 Imperial Age
33:54 Scale Barding Armor
35:03 Cavalier
36:35 Bloodlines
36:26 Husbandry
43:43 Crop Rotation
44:19 Two-Man Saw
45:15 Chain Barding Armor
47:11 Chemistry
46:07 Elite Organ Gun
49:08 Coinage
50:02 Caravan
50:32 Banking
57:40 Plate Barding Armor
57:09 Circumnavigation
58:57 Sappers
59:52 Bombard Tower
59:23 Guard Tower
59:43 Fortified Wall
59:14 Treadmill Crane
59:44 Masonry
59:30 Murder Holes
59:41 Siege Engineers
61:08 Banking
CHFSwissMade
13:49 Feudal Age
19:35 Castle Age
19:19 Double-Bit Axe
19:16 Horse Collar
19:29 Stone Mining
22:08 Bow Saw
23:13 Heavy Plow
26:18 Gold Mining
27:07 Stone Shaft Mining
28:00 Gold Shaft Mining
27:30 Scale Mail Armor
27:40 Forging
29:11 Chain Mail Armor
29:06 Forging
28:45 Loom
29:36 Wheelbarrow
28:47 Town Watch
31:10 Hand Cart
30:57 Town Patrol
31:45 Iron Casting
32:44 Masonry
32:55 Ballistics
34:16 Pikeman
37:42 Imperial Age
37:57 Halberdier
38:47 Siege Engineers
39:43 Chemistry
39:21 Plate Mail Armor
39:51 Blast Furnace
39:59 Blast Furnace
39:29 Conscription
42:06 Furor Celtica
42:33 Hoardings
41:34 Onager
43:07 Siege Onager
Jedda
0:48 Loom
12:07 Feudal Age
18:54 Castle Age
17:10 Double-Bit Axe
18:20 Horse Collar
18:25 Fishing Lines
19:46 Bow Saw
23:58 Heavy Plow
25:07 Wheelbarrow
25:28 Gillnets
26:13 Gold Mining
27:27 Stone Mining
27:59 Caravan
33:21 Imperial Age
31:28 Forging
31:09 Fletching
32:01 Ballistics
32:03 Hand Cart
32:05 Padded Archer Armor
32:12 Kamandaran
33:04 Scale Barding Armor
33:37 Iron Casting
33:57 Chain Barding Armor
34:02 Conscription
35:25 Blast Furnace
34:23 Bodkin Arrow
35:36 Two-Man Saw
35:11 Crop Rotation
36:37 Chemistry
35:30 Elite War Elephant
35:38 Crossbowman
36:34 Thumb Ring
36:53 Leather Archer Armor
37:56 Plate Barding Armor
38:08 Masonry
40:48 Ring Archer Armor
46:15 Pikeman
46:58 Scale Mail Armor
52:15 Chain Mail Armor
56:36 Architecture
不穿内裤真龙不被束缚
0:37 Loom
14:07 Feudal Age
19:10 Castle Age
18:36 Stone Mining
18:38 Double-Bit Axe
19:19 Horse Collar
22:30 Bow Saw
30:22 Husbandry
30:33 Bloodlines
31:25 Light Cavalry
32:10 Squires
31:31 Pikeman
31:32 Man-at-Arms
33:32 Gold Mining
35:12 Long Swordsman
39:54 Imperial Age
39:40 Heavy Plow
39:50 Scale Barding Armor
39:46 Scale Mail Armor
39:56 Forging
40:48 Halberdier
40:49 Legionary
42:40 Chain Barding Armor
42:35 Chain Mail Armor
42:56 Iron Casting
44:27 Gold Shaft Mining
43:31 Capped Ram
43:47 Elite Centurion
45:17 Plate Barding Armor
51:38 Comitatenses
61:55 Blast Furnace
60:45 Fletching
Silver
0:30 Loom
11:33 Feudal Age
11:22 Double-Bit Axe
12:35 Wheelbarrow
12:27 Fishing Lines
18:14 Horse Collar
19:45 Arson
19:21 Man-at-Arms
22:37 Castle Age
20:23 Town Watch
21:09 Forging
22:58 Bow Saw
24:06 Gillnets
24:48 Heavy Plow
25:36 Stone Mining
27:07 Hand Cart
29:26 Iron Casting
28:44 Fletching
28:54 Padded Archer Armor
31:51 Husbandry
33:00 Treadmill Crane
33:16 Murder Holes
33:43 Ballistics
33:34 Squires
34:28 Stone Shaft Mining
33:43 Gold Mining
35:27 Long Swordsman
36:12 Pikeman
37:50 Gold Shaft Mining
37:29 Scale Barding Armor
37:40 Leather Archer Armor
37:21 Bodkin Arrow
36:49 Elite Skirmisher
37:34 Thumb Ring
36:51 Light Cavalry
39:08 Thalassocracy
42:38 Imperial Age
41:30 Elite Karambit Warrior
42:31 Conscription
44:08 Blast Furnace
43:09 Bracer
43:40 Ring Archer Armor
42:34 Crossbowman
45:25 Elite Battle Elephant
47:27 Chemistry
48:34 Arbalester
48:55 Heavy Scorpion
50:49 Halberdier
51:53 Onager
fapastengames
0:40 Loom
14:39 Feudal Age
22:37 Castle Age
23:15 Wheelbarrow
22:51 Double-Bit Axe
22:50 Horse Collar
24:04 Caravan
25:38 Hand Cart
28:01 Heavy Plow
28:41 Bow Saw
32:10 Imperial Age
29:58 Husbandry
31:04 Gold Mining
31:04 Stone Mining
32:51 Forging
32:42 Scale Mail Armor
32:47 Scale Barding Armor
32:46 Scale Mail Armor
33:01 Scale Barding Armor
35:48 Iron Casting
35:28 Chain Mail Armor
35:33 Chain Barding Armor
36:41 Conscription
36:36 Logistica
37:31 Elite Cataphract
39:09 Plate Barding Armor
39:54 Chemistry
39:15 Ballistics
39:27 Onager
40:19 Heavy Camel Rider
BoYu
14:16 Feudal Age
14:42 Double-Bit Axe
14:39 Horse Collar
26:21 Castle Age
28:25 Wheelbarrow
29:04 Bow Saw
28:58 Heavy Plow
30:17 Forging
30:07 Scale Mail Armor
31:06 Hand Cart
32:19 Caravan
35:09 Imperial Age
38:20 Onager
40:30 Halberdier
43:31 Capped Ram
45:16 Chemistry
47:49 Gold Mining
47:50 Stone Mining
49:10 Two-Man Saw
50:18 Gold Shaft Mining
54:00 Squires
53:46 Arson
53:28 Light Cavalry
55:50 Hussar
Olala
7:46 Loom
11:02 Feudal Age
16:34 Double-Bit Axe
21:53 Castle Age
21:41 Gold Mining
21:44 Stone Mining
21:37 Horse Collar
21:54 Fletching
22:08 Scale Mail Armor
22:52 Bow Saw
23:25 Fervor
24:13 Stone Shaft Mining
24:49 Heavy Plow
27:03 Coinage
26:44 Bodkin Arrow
28:05 Wheelbarrow
27:16 Town Watch
28:04 Herbal Medicine
30:23 Fishing Lines
32:55 Fortified Wall
32:44 Murder Holes
33:17 Hand Cart
34:19 Gambesons
34:34 Squires
34:20 Arson
34:19 Treadmill Crane
34:45 Town Patrol
34:31 Pikeman
35:15 Padded Archer Armor
35:27 Forging
35:22 Scale Barding Armor
35:27 Man-at-Arms
36:18 Caravan
40:33 Imperial Age
38:57 Ballistics
38:49 Masonry
40:55 Halberdier
42:15 Conscription
42:52 Conscription
43:07 Crop Rotation
44:26 Gothikon
44:28 Vendel Legacy
46:11 Elite Jarl
46:16 Capped Ram
48:14 Chemistry
57:10 Guilds
58:08 Illumination
58:19 Theocracy
59:02 Elite Varangian Guard
Connection lost

Rejoining the realm…

Still unreachable

The connection could not be restored.

Session expired

The server has moved on; the page needs a fresh start.